[Event "Lliga Catalana DH 2023"]
[Site "Catalonia"]
[Date "2023.01.21"]
[Round "1.5"]
[White "Pinero Fernandez, Xavier"]
[Black "Gomila Benejam, Teodoro"]
[Result "1-0"]
[ECO "D02"]
[WhiteElo "2279"]
[BlackElo "2045"]
[Annotator "TA"]
[PlyCount "100"]
[EventDate "2023.01.24"]
[EventType "team-tourn"]
[EventCountry "ESP"]
[SourceTitle "playchess.com"]
[Source "ChessBase"]
[SourceQuality "1"]
[TimeControl "40/5400+30:1800+30"]

1. d4 Nf6 2. Nf3 e6 3. c3 d5 4. Bf4 Bd6 5. e3 c5 6. Bb5+ {D02: 1 d4 d5 2 Nf3 sidelines, including 2...Nf6 3 g3 and 2...Nf6 3 Bf4.} Nc6 $1 7. Bxc6+ bxc6 8. Qa4 {The position is equal.} Bxf4 9. exf4 Qd6 10. Ne5 {[#]} c4 $146 (10... cxd4 $11 {remains equal.} 11. cxd4 O-O) ({Predecessor:} 10... cxd4 11. cxd4 O-O 12. Qa3 Qxa3 13. Nxa3 Rb8 14. b3 Ba6 15. Nxc6 Rb7 16. f3 Rc8 {½-½ Cizek,A (2270)-Tuma,J (2271) CZE-chT2D 1112 2011 (1)}) 11. b3 $16 (11. Qxc6+ Qxc6 12. Nxc6 Bd7 $11) (11. Nxc6 $2 Bd7 12. Qb4 Qxc6 $19) 11... cxb3 12. axb3 (12. Qxc6+ $2 Qxc6 13. axb3 Qb5 $19) 12... Bd7 13. Qa3 Qxa3 14. Rxa3 (14. Nxa3 Ke7 $14) 14... Ke7 15. Nd2 Rhc8 16. Nd3 {White has more active pieces.} Be8 17. Ke2 Nd7 18. Rha1 Rc7 19. Ra5 f6 20. b4 Bg6 21. Nc5 Nxc5 22. Rxc5 Kd7 {Black is weak on the dark squares} 23. Rca5 Bh5+ 24. Ke3 Kd6 (24... h6 $16 25. h4 Bg6) 25. Nc4+ $18 dxc4 26. Rxh5 {[%mdl 4096] Endgame KRR-KRR} g6 27. Rc5 Re8 28. Ra6 Kd7 29. Ke4 (29. Rxc4 Rb8 30. g3 Rb6) 29... h6 30. Rxc4 g5 31. Rc5 Rg8 32. g3 f5+ 33. Ke5 gxf4 34. Kxf4 (34. gxf4 Rg1 35. Ra2 a6 $16) 34... h5 35. Rca5 h4 36. Rxa7 ({Not} 36. gxh4 Rg4+ 37. Kf3 Rxh4 $16) 36... hxg3 $2 (36... Rg4+ 37. Kf3 Rxa7 38. Rxa7+ Kd6) 37. fxg3 {White is clearly winning.} Rg4+ 38. Kf3 Rxa7 39. Rxa7+ {KR-KR} Kd6 40. Ra5 Re4 {[#]} 41. Re5 $1 Rg4 42. h4 Rg7 43. Ra5 Rh7 44. Kf4 Rg7 45. b5 c5 46. Ra6+ Kd5 47. dxc5 e5+ 48. Kxf5 {[#] aiming for c6.} Rxg3 49. b6 Kc6 50. Ra7 Kd5 {Black got outplayed after the opening.   Weighted Error Value: White=0.02 (flawless) /Black=0.18 (very precise)} 1-0

[Event "Lliga Catalana DH 2023"]
[Site "Catalonia"]
[Date "2023.01.21"]
[Round "1.5"]
[White "Montilla Carrillo, Esteban"]
[Black "Escandell Mari, Juan Carlos"]
[Result "1/2-1/2"]
[ECO "E16"]
[WhiteElo "2121"]
[BlackElo "2159"]
[Annotator "TA"]
[PlyCount "98"]
[EventDate "2023.01.24"]
[EventType "team-tourn"]
[EventCountry "ESP"]
[SourceTitle "playchess.com"]
[Source "ChessBase"]
[SourceQuality "1"]
[TimeControl "40/5400+30:1800+30"]

1. d4 Nf6 2. c4 e6 3. Nf3 b6 4. g3 Bb7 5. Bg2 c5 6. d5 exd5 7. Nh4 g6 8. cxd5 Bg7 9. Nc3 d6 10. O-O O-O 11. e4 Re8 {[%emt 0:03:17] E16: Queen's Indian: 4 g3 Bb7 5 Bg2 Bb4+.} 12. Re1 Na6 {[%emt 0:03:26] [#]} 13. Bd2 $146 (13. Bf4 $142) ({Predecessor:} 13. Nf3 Nc7 14. a4 a6 15. Rb1 b5 16. axb5 Nxb5 17. Qd3 Qc7 18. Bf4 c4 19. Qc2 {½-½ Bentel,R (2218)-Genov,P (2419) GER-CupT 2122 Round2 (1) 2022 (2.2)}) 13... Nc7 (13... c4 $142) 14. a4 a6 15. Qc1 Ng4 16. Qd1 Nf6 17. Qb3 Rb8 18. h3 (18. Qxb6 Bxd5 19. Qa5 Ba8 $17) 18... b5 19. axb5 (19. Qc2 $11 {deserves consideration.}) 19... axb5 $15 20. Qc2 ({Much weaker is} 20. Nxb5 Bc8 21. Ba5 (21. Ra5 $2 Bd7 $19) 21... Rxb5 $17) 20... b4 21. Ne2 Ra8 22. Rxa8 Qxa8 (22... Nxa8 $5 23. Nc1 Nb6 $15) 23. f3 (23. Nc1 $1 $15) 23... Nb5 24. Bf1 Nd7 25. Rd1 (25. Bf4 $17 {might work better.}) 25... Qa5 26. Be1 (26. Ng2 $17) 26... Nd4 27. Nxd4 Bxd4+ ({Much worse is} 27... cxd4 $6 28. Qc4 $11 (28. Qb3 Be5 $11)) 28. Bf2 Bg7 29. Ng2 Ne5 30. Be2 (30. Ne1 $17 {was worth a try.}) 30... Ba6 $19 31. f4 {[%emt 0:00:49] [#]} b3 $1 32. Qd2 Qxd2 33. Rxd2 Nc4 34. Bxc4 Bxc4 35. e5 dxe5 (35... Bb5 $19 {has better winning chances.} 36. exd6 Rc8) 36. Bxc5 $17 exf4 37. Nxf4 Re1+ 38. Kf2 Rf1+ (38... Rc1 $5 39. Ke3 Bb5 $15) 39. Kg2 $2 {[%emt 0:00:02] [#]} (39. Ke3 $11) 39... Rb1 $2 (39... Rc1 $1 $19 {[%cal Rc1c2] ...Rc2 is the strong threat.} 40. d6 Rc2 41. Rxc2 bxc2) 40. Ba3 $11 Ra1 {[%emt 0:02:23][%cal Oa1a3] White must now prevent ...Rxa3!} 41. d6 {[%emt 0:36:03] Threatens to win with d7.} Bf6 {[%emt 0:31:03][%cal Oa1a3] This pair of bishops is nice.} 42. Nd5 Bxd5+ (42... Bg5 $2 43. Ne7+ Bxe7 44. dxe7 Bf1+ 45. Kf3 $18) (42... Bd8 $1 $11 {and Black is okay.}) 43. Rxd5 {[%emt 0:00:02][%mdl 4096] Endgame Strongly threatening d7. KRB-KRB} Kg7 44. d7 $2 ({White should try} 44. Kf3 $18) 44... Bd8 {[%emt 0:00:07] The position is equal.} (44... Rxa3 $2 45. bxa3 Bd8 46. Rb5 $18) 45. Bc5 f5 46. Rd3 Ra5 47. Bd4+ Kf7 48. Rxb3 Rd5 49. Bf2 Rxd7 {[%emt 0:00:08] What a bad dream for Black.   Weighted Error Value: White=0.33/Black=0.24 (precise)} 1/2-1/2

[Event "Lliga Catalana DH 2023"]
[Site "Catalonia"]
[Date "2023.01.21"]
[Round "1.6"]
[White "Fernandez Madrid, Carlos"]
[Black "Hernando Rodrigo, Julio Antonio"]
[Result "0-1"]
[ECO "A15"]
[WhiteElo "2105"]
[BlackElo "2240"]
[Annotator "TA"]
[PlyCount "114"]
[EventDate "2023.01.24"]
[EventType "team-tourn"]
[EventCountry "ESP"]
[SourceTitle "playchess.com"]
[Source "ChessBase"]
[SourceQuality "1"]
[TimeControl "40/5400+30:1800+30"]

1. c4 Nf6 2. g3 g6 3. b3 Bg7 4. Bb2 O-O 5. Bg2 d6 6. Nf3 e5 7. d3 Nc6 {A15: English Opening: 1...Nf6.} 8. Nc3 Bg4 9. h3 Bd7 {The position is equal.} 10. O-O Rb8 11. e3 {[#]} e4 $146 ({Predecessor:} 11... Qc8 12. Kh2 h6 13. Rc1 g5 14. Ne1 Ne7 15. Ne2 Ng6 16. d4 exd4 17. Nxd4 g4 18. h4 Bf5 {½-½ Klein,J (2040)-Daubenfeld,G (1625) LUX-chABC Dudelange 1997 (1.16)}) 12. dxe4 (12. Ne1 $5 ) 12... Nxe4 13. Na4 Bxb2 14. Nxb2 Re8 15. Nd3 Ne7 16. Nd4 c5 17. Nb5 a6 18. Bxe4 axb5 19. Nf4 bxc4 20. bxc4 Nf5 21. Qd3 b5 22. Bd5 (22. Rfb1 $14) 22... Qf6 (22... g5 $5 23. Nh5 Ng7 24. Bxf7+ Kxf7 25. Qxh7 Rg8 $11) 23. Rad1 bxc4 24. Bxc4 Rb2 25. Rd2 Rxd2 26. Qxd2 Bc6 27. Bd5 Bxd5 (27... Ne7 $5 28. Bxc6 Nxc6 $11) 28. Nxd5 Qg5 29. Rd1 Re5 {Prevents e4.} (29... Nd4 $1 $11 30. exd4 Qxd5) 30. Kh2 (30. Qe1 $16 {Threatens to win with f4.} Re6 31. Kh2) 30... h5 $2 (30... Nd4 $1 $11 {and Black stays safe.} 31. exd4 Rxd5) 31. Nf4 (31. Qb2 $1 $18) 31... c4 (31... Re4 $14) 32. Rb1 ({White has to play} 32. Nd5 $18) 32... Qe7 (32... Rc5 $14) 33. Rb8+ Kg7 34. Qb2 Qc7 $2 (34... Qd7 $16) 35. Ne2 $2 (35. Ne6+ $1 $18 fxe6 36. Rb7 Qxb7 37. Qxb7+ Kf6 38. Qc8) 35... h4 (35... Qc6 $11) 36. g4 $16 Ne7 (36... Nxe3 $16 {is a better chance.} 37. fxe3 Qa7) 37. Rb7 c3 $2 (37... Qc5 38. Rxe7 c3) 38. Nxc3 $18 (38. Qb3 Qc6 39. Nxc3 Qf3 $16) 38... Qc6 {[#]} 39. Rxe7 $2 Rxe7 {[%mdl 4096] Endgame KQR-KQN} 40. Nd5+ Re5 41. e4 {[#]} (41. Nb4 $11 {keeps the balance.} Qe4 42. f4 {[%mdl 64] Pin}) 41... g5 $1 $17 42. f3 ({Better is} 42. Qd2) 42... Qa6 43. Ne3 {Against Qf1} (43. Kg2 $17) 43... Kg6 {And now ...Qd3 would win.} 44. Nf5 f6 $2 ({Black should try} 44... Qa7 $19 {...f6 is the strong threat.} 45. a3 f6 46. Nxd6 Rc5) 45. Ne3 $2 (45. Qb8 $11 Qxa2+ 46. Kg1) 45... Ra5 $19 46. Qb3 Rxa2+ 47. Ng2 Kg7 {( -> ...Qe2)} (47... Qe2 48. Qg8+ Kh6 49. Qh8+ Kg6 50. Qg8+ Kh6 51. Qh8+ Kg6 52. Qg8+ $11) 48. Qe6 Qa7 {White must now prevent ...Ra3.} 49. Qxd6 Ra1 50. Ne3 Qa2+ (50... Qxe3 51. Qe7+ Kg8 52. Qe8+ Kh7 53. Qf7+ Kh8 54. Qxf6+ Kg8 55. Qd8+ Kg7 56. Qe7+ Kh8 57. Qf6+ Kh7 58. Qf7+ Kh8 59. Qf6+ $11) 51. Ng2 Qa7 (51... Rf1 $142 52. e5 Rxf3 53. Qe7+ Qf7 54. exf6+ Rxf6) 52. Ne3 $1 {[%cal Oe4e5][%mdl 64] Deflection} Ra2+ (52... Qxe3 53. Qe7+ Kg8 54. Qe8+ Kh7 55. Qf7+ Kh8 56. Qe8+ (56. Qxf6+ Kh7 $11) 56... Kh7 57. Qf7+ Kh8 58. Qe8+ (58. Qxf6+ Kh7 $11) 58... Kh7 $11) 53. Ng2 Re2 54. Qd8 Rf2 (54... Qf2 55. Qe7+ Kh6 56. Qf8+ (56. Qxf6+ Kh7 $11) 56... Kh7 57. Qf7+ Kh8 58. Qe8+ Kg7 59. Qe7+ Kh8 60. Qe8+ Kg7 61. Qe7+ $11) 55. e5 Rxf3 {Hoping for ...Qf7. Active counter play!} ({And not} 55... fxe5 56. Qxg5+ Kf7 57. Qf5+ (57. Qxe5 Rf1 $11) (57. Qxh4 Qd4 $11) 57... Kg8 58. Qg6+ (58. Qxe5 Rxf3 59. Qd5+ Qf7 $11) 58... Qg7 59. Qe8+ Qf8 60. Qg6+ Qg7 61. Qe8+ Qf8 62. Qg6+ Qg7 $11) 56. e6 {Against Qf7} Rf1 (56... Qc5 $142 57. Qd7+ Kh6 58. Qd2 Qe5+ {[%mdl 64] Deflection} 59. Kg1 Qc5+ 60. Kh2 Qe5+ {[%mdl 64] Deflection} 61. Kg1 Rxh3 62. e7 Qxe7 63. Qf2 Rg3 64. Kh2 Qe5 65. Qf5 Qd6 66. Qf2 Rf3+ {[%mdl 64] Discovered Attack} 67. Kg1 Rxf2 68. Kxf2 Qg3+ {[%mdl 64] Deflection, Double Attack} 69. Ke2 Qxg2+ 70. Ke3 h3 71. Kd4 h2 72. Kc4 h1=Q 73. Kc5 Qc6+ 74. Kb4 Qb1+ 75. Ka5 Qe1#) 57. Ne3 (57. Qd7+ $19 Qxd7 {[%mdl 64] Remove Defender} 58. exd7) 57... Qa2+ {Weighted Error Value: White=0.81/Black=0.82} ({Inferior is} 57... Qxe3 58. Qe7+ Kh8 59. Qf8+ Kh7 60. Qf7+ Kh8 61. Qe8+ Kg7 62. Qf7+ Kh8 63. Qh5+ Kg8 64. Qg6+ Kh8 65. Qh5+ (65. Qh6+ Kg8 $11) 65... Kg8 66. Qg6+ Kh8 67. Qh6+ Kg8 68. Qg6+ $11) 0-1

[Event "Lliga Catalana DH 2023"]
[Site "Catalonia"]
[Date "2023.01.21"]
[Round "1.6"]
[White "Garcia Acosta, Roger"]
[Black "Fernandez Lozano, Francesc"]
[Result "0-1"]
[ECO "B15"]
[WhiteElo "2072"]
[BlackElo "2036"]
[Annotator "TA"]
[PlyCount "56"]
[EventDate "2023.01.24"]
[EventType "team-tourn"]
[EventCountry "ESP"]
[SourceTitle "playchess.com"]
[Source "ChessBase"]
[SourceQuality "1"]
[TimeControl "40/5400+30:1800+30"]

1. e4 g6 2. d4 Bg7 3. Nf3 c6 4. Nc3 d5 5. h3 dxe4 6. Nxe4 Nf6 7. Nxf6+ exf6 8. Bc4 O-O 9. O-O Nd7 $1 {[%emt 0:01:48] 9...Nd7 scores better than 9...a5.} 10. Bf4 {[%emt 0:08:43] B15: Caro-Kann: 3 Nc3: 3...g6 and 3...dxe4 4 Nxe4 Nf6 5 Nxf6+ exf6.} b5 {[%emt 0:01:31] [#]} 11. Bd3 $146 ({Predecessor:} 11. Bb3 Nb6 12. a4 bxa4 13. Bxa4 Nxa4 14. Rxa4 f5 15. Re1 Qb6 16. Bd6 Rd8 17. Rb4 Qa6 {1-0 Yuan,Q (2373)-Joie,S (2373) Titled Tuesday intern op 28th Jun Early blitz 2022 (3)}) 11... Nb6 12. c3 {[%emt 0:01:23] The position is equal.} a5 13. Re1 Be6 14. Nd2 a4 15. Ne4 Bd5 16. Nc5 Re8 17. b3 Bf8 18. Qc2 Ra7 19. c4 $2 {[%emt 0:06:33] [#] This costs White the game.} (19. Rxe8 $11 Qxe8 20. Rb1) 19... axb3 $1 $19 20. axb3 {[%emt 0:03:47][%cal Oc4d5] cxd5! is the strong threat.} Rxa1 21. Rxa1 Bxg2 {[%emt 0:09:14][%mdl 64] Discovered Attack} 22. d5 (22. Kxg2 {was called for.} Qxd4 23. Bc7 (23. cxb5 $2 Nd5 $19)) 22... Bxh3 (22... Bxc5 $2 {is the wrong capture.} 23. Kxg2 bxc4 24. bxc4 $19) 23. Nb7 {[%emt 0:00:55] [#]} (23. d6 f5 24. Bf1 Bxd6 25. Bxd6 Qxd6 26. Bxh3 Qxc5 27. Bg2) 23... Qc8 24. cxb5 Nxd5 25. Bg3 Nb4 26. Qc3 Nxd3 27. bxc6 Nb4 (27... Qf5 $142 28. Kh2 Qf3 29. Rg1 Bf5 30. Qd4 Re2 31. Rg2 Ne1 {[%mdl 64] Discovered Attack} 32. Rg1 Qg2+ {[%mdl 64] Back Rank, Clearance} 33. Rxg2 Nf3+ 34. Kh1 Re1+ 35. Rg1 Rxg1#) 28. Rc1 Na2 {[%emt 0:02:33][%csl LRc1,LRc3] Weighted Error Value: White=1.17/Black=0.32} 0-1

[Event "Lliga Catalana DH 2023"]
[Site "Catalonia"]
[Date "2023.01.21"]
[Round "1.7"]
[White "Moreno Sanchis, Jordi-Alex"]
[Black "Fernandez Serrano, Pau"]
[Result "1/2-1/2"]
[ECO "B06"]
[WhiteElo "2260"]
[BlackElo "2075"]
[Annotator "TA"]
[PlyCount "41"]
[EventDate "2023.01.24"]
[EventType "team-tourn"]
[EventCountry "ESP"]
[SourceTitle "playchess.com"]
[Source "ChessBase"]
[SourceQuality "1"]
[TimeControl "40/5400+30:1800+30"]

1. Nf3 g6 2. d4 Bg7 3. e4 d6 4. Nc3 a6 5. a4 b6 6. Bc4 e6 7. h4 {B06: Modern Defence.} h6 $1 8. Bf4 Ne7 9. Qe2 {White is slightly better.} Bb7 10. Rd1 Nd7 {[#]} 11. g4 $146 ({White should play} 11. O-O $11) ({Predecessor:} 11. O-O g5 12. hxg5 Ng6 13. Bc1 hxg5 14. Bxg5 Bf6 15. Qe3 Rh5 16. Bf4 Qe7 17. g4 {1-0 Sodoma,J (2312)-Novotny,J (2169) Pardubice Czech op-E 33rd 2022 (5.2)}) 11... Nf6 $15 12. g5 Nh5 (12... hxg5 {feels hotter.} 13. Bxg5 Nxe4 14. Nxe4 Bxe4 15. Qxe4 d5) 13. Bc1 (13. gxh6 $11 {deserves consideration.} Bxd4 14. Bd2) 13... Ng8 (13... hxg5 $17 {...g4 would be deadly.} 14. Bxg5 (14. hxg5 d5 $15) 14... Qd7) 14. Rg1 $11 Qe7 15. Nh2 (15. Be3 $11) 15... hxg5 16. hxg5 Qd7 17. Ng4 Ne7 18. e5 d5 19. Bd3 c5 20. dxc5 bxc5 21. Be4 {Weighted Error Value: White=0.22 (precise) /Black=0.15 (very precise)} 1/2-1/2

[Event "Lliga Catalana DH 2023"]
[Site "Catalonia"]
[Date "2023.01.21"]
[Round "1.7"]
[White "Travesset Ribera, Joaquin"]
[Black "Valencia Jimenez, Jose"]
[Result "1-0"]
[ECO "D02"]
[WhiteElo "2110"]
[BlackElo "2023"]
[Annotator "TA"]
[PlyCount "27"]
[EventDate "2023.01.24"]
[EventType "team-tourn"]
[EventCountry "ESP"]
[SourceTitle "playchess.com"]
[Source "ChessBase"]
[SourceQuality "1"]
[TimeControl "40/5400+30:1800+30"]

1. d4 c5 2. c3 d5 3. Nf3 Bf5 4. Qb3 Bc8 {[%emt 0:21:01] [#]} 5. dxc5 $146 ({Predecessor:} 5. Bf4 c4 6. Qc2 e6 7. Nbd2 Bd6 8. Bg5 f6 9. Bh4 Ne7 10. e4 Ng6 11. Bg3 {1-0 Rivera,L (1600)-Pertuz Mercado,M (1889) Ocana op 1st 2015 (7)}) 5... Nc6 {[%emt 0:01:02] [#]} (5... e6 $11) 6. e4 $1 $16 {[%emt 0:06:39] White is more active. D02: 1 d4 d5 2 Nf3 sidelines, including 2...Nf6 3 g3 and 2...Nf6 3 Bf4.} e6 {[%emt 0:04:16] [#]} (6... dxe4 7. Ng5) 7. exd5 exd5 {[%emt 0:00:02] [#]} 8. Be3 {[%emt 0:00:27] White is better.} Nf6 9. Bb5 Ne4 (9... Be7 $16) 10. Ne5 $18 Bxc5 $2 (10... Nxc5 {might work better.} 11. Nxc6 (11. Bxc6+ bxc6 12. Bxc5 Bxc5 $15) 11... bxc6 12. Bxc6+ Bd7 13. Qxd5 Rc8) 11. Nxc6 {[%emt 0:03:15] White is clearly winning.} bxc6 12. Bxc6+ Kf8 13. Qxd5 {[%emt 0:01:19][%cal Rd5d8][%mdl 64] Double Attack} Qe7 (13... Qxd5 $142 14. Bxd5 Bxe3) 14. Qxe4 {[%emt 0:01:16] Black got outplayed after the opening.   Weighted Error Value: White=0.03 (flawless) /Black=0.90} 1-0

[Event "Lliga Catalana DH 2023"]
[Site "Catalonia"]
[Date "2023.01.21"]
[Round "1.8"]
[White "Barcelo Sola, David"]
[Black "Mayo Casademont, Marti"]
[Result "0-1"]
[ECO "C68"]
[WhiteElo "1985"]
[BlackElo "2270"]
[Annotator "TA"]
[PlyCount "101"]
[EventDate "2023.01.24"]
[EventType "team-tourn"]
[EventCountry "ESP"]
[SourceTitle "playchess.com"]
[Source "ChessBase"]
[SourceQuality "1"]
[TimeControl "40/5400+30:1800+30"]

1. e4 e5 2. Nf3 Nc6 3. Bb5 a6 4. Bxc6 dxc6 5. d4 exd4 6. Qxd4 Qxd4 7. Nxd4 Bd7 8. Nc3 {now supersedes 8.Be3.} O-O-O 9. Be3 Bb4 10. O-O {C68: Ruy Lopez: Exchange Variation, sidelines.} (10. Nde2 $11 {was preferrable.}) 10... Bxc3 $15 11. bxc3 Re8 {[#]} 12. Nf5 $146 (12. f3 $142) ({Predecessor:} 12. f3 c5 13. Nb3 b6 14. Nd2 f5 15. Rfe1 Ne7 16. exf5 Bxf5 17. Ne4 Bxe4 18. fxe4 {0-1 Blume,B-Schulz,G Liga 2017 20194-K4-G1}) 12... Rxe4 13. Bd4 f6 ({But not} 13... Bxf5 14. Bxg7 Ne7 15. Bxh8 $16) ({Black should try} 13... Nf6 $17 14. f3 Rf4) 14. Ng3 (14. Nxg7 $11 {remains equal.} c5 15. Bxc5) 14... Re8 $17 {White is on the road to losing.} 15. Rfe1 Ne7 16. Re2 Nf5 17. Rd2 (17. Rae1 $17 Rxe2 18. Rxe2) 17... Nxg3 $19 18. hxg3 b6 19. Be3 Bf5 20. Kf1 (20. Re1 $17) 20... Re4 21. a4 a5 22. Ra2 c5 23. Rd1 Rhe8 24. Re1 Bd7 25. Rea1 h5 26. Ke2 Be6 27. Ra3 Kb7 28. Rh1 Bd7 29. Rh4 Rxh4 30. gxh4 {[%mdl 4096] Endgame KRB-KRB} Re4 31. g3 Bxa4 32. f3 Bb5+ 33. Kf2 Re8 34. Ra1 Kc6 35. Rg1 (35. Re1 $142) 35... a4 36. g4 g6 37. f4 (37. Ra1 $142) 37... hxg4 38. Rxg4 a3 {Strongly threatening ...a2.} 39. Rg1 a2 40. Kf3 Rh8 41. Kg3 Kd5 {Threatens to win with ...Ke4.} 42. Rh1 Ke4 43. Bd2 Rd8 44. Re1+ Kf5 45. Be3 {[#]} Be2 $1 {[%mdl 576] ( -> ...Bd1). Deflection, Promotion} 46. Ra1 Bc4 47. Rg1 Ra8 48. Ra1 Ra3 (48... Ra5 $142 49. Kf3 Rb5 50. Kg2 Rb1 51. Rxa2 Bxa2 52. Kg3 Bc4 53. Kg2 Rb2 54. Bg1 Kxf4 55. Kf2 Rxc2+ 56. Ke1 Re2+ 57. Kd1 Ke4 58. Bh2 Rxh2 59. Ke1 Ke3 60. Kd1 Kd3 61. Ke1 Kxc3 62. h5 gxh5 63. Kd1 Rh1#) 49. Bd2 {Black is clearly winning.} Be2 (49... Ra5 $142 50. Be3 Rb5 51. Rxa2 Bxa2) 50. Kf2 {[#]} Bd1 $1 {[%mdl 576] Promotion} 51. h5 {Weighted Error Value: White=0.77/Black=0.15 (very precise)} (51. Bc1 Ra8) 0-1

[Event "Lliga Catalana DH 2023"]
[Site "Catalonia"]
[Date "2023.01.21"]
[Round "1.8"]
[White "Ruiz Lupon, Neri"]
[Black "Lambert Pont, Michael"]
[Result "0-1"]
[ECO "B35"]
[WhiteElo "1922"]
[BlackElo "2043"]
[Annotator "TA"]
[PlyCount "90"]
[EventDate "2023.01.24"]
[EventType "team-tourn"]
[EventCountry "ESP"]
[SourceTitle "playchess.com"]
[Source "ChessBase"]
[SourceQuality "1"]
[TimeControl "40/5400+30:1800+30"]

1. e4 c5 2. Nf3 Nc6 3. d4 cxd4 4. Nxd4 g6 5. Nc3 Bg7 6. Be3 Nf6 7. Bc4 O-O 8. Bb3 Re8 {[%emt 0:00:13] B35: Sicilian: Accelerated Dragon with 5 Nc3: main line.} 9. f3 d5 10. exd5 Nb4 {[%emt 0:00:01] The position is equal.} 11. Nde2 e6 12. O-O Nbxd5 {[%emt 0:15:51] [#]} 13. Bf2 $146 ({Predecessor:} 13. Nxd5 Nxd5 14. Bd4 Bh6 15. Bxd5 Qxd5 16. Nc3 Qc6 17. Qe2 e5 18. Be3 Bg7 19. Rad1 {1-0 Tasev,D (2188)-Samunenkov,I (2433) Titled Tuesday intern op 21st Jun Early blitz 2022 (6)}) 13... b6 14. Re1 Bb7 15. a4 Qc7 16. Qc1 (16. a5 $11) 16... a6 (16... Nxc3 $1 $17 17. Nxc3 Ng4) 17. Rd1 Rac8 18. Qg5 h5 19. Qg3 (19. Bd4 {is more complex.} Red8 20. Be5 Qe7 21. Bxd5 Nxd5 22. Qxe7 Nxe7 23. Bxg7 Kxg7 24. Rxd8 Rxd8 25. Rd1) 19... Qxg3 20. Bxg3 Bh6 (20... Ne3 $5 21. Rd2 Nfd5 $11) 21. Bf2 Be3 22. Rd3 Bc5 23. Rad1 Nb4 24. R3d2 Nfd5 (24... Kg7 $11 {remains equal.}) 25. Bxc5 (25. Ne4 $1 $16) 25... bxc5 $11 26. Kf2 (26. Ne4 $11 c4 27. Bxc4 (27. c3 cxb3 28. cxb4 Re7 $11)) 26... c4 $15 27. Ba2 Red8 {[%emt 0:01:28] Black is much more active.} (27... Rc7 $15) 28. Bb1 f5 ({Better is} 28... Kg7 $15) 29. Nd4 (29. Nxd5 $11 Nxd5 30. Ba2) 29... Kf7 (29... Nxc3 $1 $17 30. bxc3 Nd5 31. Nxe6 Re8) 30. Nxd5 Rxd5 31. c3 Nc6 32. Ba2 Ne5 (32... Nxd4 {simplifies} 33. Rxd4 Rxd4 34. Rxd4 Bd5) 33. Ke3 (33. b3 $11) 33... Rcd8 (33... Ra5 $17) 34. h3 {[%emt 0:00:27] Black must now prevent f4.} (34. b3 $5) 34... g5 35. f4 $2 (35. b3 $15) 35... gxf4+ $19 36. Kxf4 {[%emt 0:00:13] [#]} Kf6 $1 {[%emt 0:00:48] And now ...Rg8 would win.} 37. Ke3 (37. Nf3 $142 Rxd2 38. Rxd2 Rxd2 39. Nxd2 Nd3+ 40. Kg3) 37... Rg8 38. Kf2 Nd3+ (38... Rd7 $19 {has better winning chances.} 39. Rg1 Rdg7) 39. Kf1 {[%emt 0:00:36] [#]} (39. Kg1 $17 Rc5 40. Rf1) 39... Ne5 $2 ({Black should try} 39... Nf4 $1 $19 {aiming for ...Re5.} 40. Bxc4 Rc5) 40. Re1 (40. Kf2 $1 $11) 40... Rd6 $17 41. Rde2 (41. Re3 $17) 41... Be4 $19 {[%emt 0:00:17] ...Bd3 would be deadly. White is weak on the light squares} 42. Bb1 (42. Rd2 {keeps fighting.}) 42... Nd3 43. Rd1 Rd7 {[%emt 0:01:57] ...e5 is the strong threat.} 44. Ba2 Ne5 (44... Nf4 $19 45. Rxe4 fxe4) 45. b3 $2 (45. Bb1 $17 Nd3 46. Nf3) 45... Bd5 $2 {Weighted Error Value: White=0.62/Black=0.38} (45... Bd3 $19 {and Black stays clearly on top.} 46. Rde1 Rdg7) 0-1

[Event "Lliga Catalana DH 2023"]
[Site "Catalonia"]
[Date "2023.01.21"]
[Round "1.9"]
[White "Minguez Rodriguez, Raul"]
[Black "Dominguez Laguna, Eduard"]
[Result "1/2-1/2"]
[ECO "B15"]
[WhiteElo "2196"]
[BlackElo "1959"]
[Annotator "TA"]
[PlyCount "49"]
[EventDate "2023.01.24"]
[EventType "team-tourn"]
[EventCountry "ESP"]
[SourceTitle "playchess.com"]
[Source "ChessBase"]
[SourceQuality "1"]
[TimeControl "40/5400+30:1800+30"]

1. e4 c6 2. d4 d5 3. Nc3 dxe4 4. Nxe4 Nf6 5. Nxf6+ exf6 6. c3 Bd6 7. Bd3 O-O 8. Qc2 {Active counter play!} Re8+ {B15: Caro-Kann: 3 Nc3: 3...g6 and 3...dxe4 4 Nxe4 Nf6 5 Nxf6+ exf6.} 9. Ne2 (9. Be3 $5 ) 9... h5 10. O-O h4 {White is slightly better.} 11. h3 Nd7 12. Be3 Nf8 13. Rad1 Be6 14. Rfe1 Qc7 15. c4 Rad8 16. Nc3 (16. c5 {keeps more tension.} Bh2+ 17. Kh1 g5 18. Rf1) 16... Qc8 17. f4 f5 {[#] The position is equal.} 18. d5 $146 ({Predecessor:} 18. Qf2 Ng6 19. d5 cxd5 20. cxd5 Bd7 21. Nb5 Bxb5 22. Bxb5 Rxe3 23. Rxe3 Bc5 24. Rc1 Bxe3 25. Qxe3 {½-½ Nataraj,N (1888)-Gourlay,I (2342) BCF-chT1 S4 (4NCL) online 2021 (4.162)}) 18... cxd5 19. cxd5 ({But not} 19. Nxd5 Bxd5 20. cxd5 Rxe3 21. Rxe3 Bc5 $15) 19... Bd7 20. Bxa7 Rxe1+ 21. Rxe1 Bxf4 22. Bb6 Re8 23. Rxe8 Qxe8 24. Qe2 {Prevents Be3+.} (24. Bxf5 $2 Qe1#) 24... Qb8 25. Bd4 {Weighted Error Value: White=0.08 (flawless) /Black=0.03 (flawless)} 1/2-1/2